[ AOE2 MATCH · #507101766 ]
UnrankedCumans vs Tatars
[ REPLAY ANALYSIS · EXTRACTED FROM THE RECORDED GAME ]
Feudal
—
Castle
—
Imperial
—
| APM avg | 3.3 |
| APM peak | 6 |
| eAPM avg | 3.3 |
| Villagers / military | 0 / 0 |
Feudal
—
Castle
—
Imperial
—
| APM avg | 32.7 |
| APM peak | 77 |
| eAPM avg | 6.1 |
| Villagers / military | 4 / 0 |
Focus
⚔️ 0.0% · 🌾 100.0%
Feudal
—
Castle
—
Imperial
—
| APM avg | 83.9 |
| APM peak | 112 |
| eAPM avg | 29.4 |
| Villagers / military | 11 / 0 |
Focus
⚔️ 42.7% · 🌾 57.3%
Feudal
—
Castle
—
Imperial
—
| APM avg | 67.6 |
| APM peak | 78 |
| eAPM avg | 11.5 |
| Villagers / military | 7 / 0 |
Focus
⚔️ 5.9% · 🌾 94.1%
Match map
Initial resources + every placement click. Lines = walls · curves = elevation contours. ◆ gold · ⬟ stone · ● berries · ✦ relic · ◌ wall gap
Your base
阿立's base
AiM | Foreign Dish's base
Eldiano's base
Smoothed initial terrain · ◌ = detected wall gap · hover for details
Inputs per minute
— AboSouheib - - 阿立
Build order — AboSouheib
0 actions detected in the replay
Build order — 阿立
6 actions detected in the replay
| 0:02 | Build | House |
| 0:03 | Queue | Villager (Male) |
| 0:05 | Build | House |
| 0:05 | Queue | Villager (Male) |
| 0:09 | Queue | Villager (Male) |
| 0:09 | Queue | Villager (Male) |
Build order — AiM | Foreign Dish
14 actions detected in the replay
| 0:01 | Queue | Villager (Male) |
| 0:01 | Queue | Villager (Male) |
| 0:01 | Queue | Villager (Male) |
| 0:01 | Queue | Villager (Male) |
| 0:02 | Build | House |
| 0:03 | Build | House |
| 1:20 | Queue | Villager (Male) |
| 1:20 | Queue | Villager (Male) |
| 1:44 | Queue | Villager (Male) |
| 2:26 | Queue | Villager (Male) |
| 2:32 | Queue | Villager (Male) |
| 2:33 | Queue | Villager (Male) |
| 2:38 | Build | Lumber Camp |
| 3:12 | Queue | Villager (Male) |
Build order — Eldiano
11 actions detected in the replay
| 0:00 | Queue | Villager (Male) |
| 0:01 | Queue | Villager (Male) |
| 0:02 | Build | House |
| 0:05 | Build | House |
| 0:13 | Queue | Villager (Male) |
| 0:13 | Queue | Villager (Male) |
| 1:01 | Queue | Villager (Male) |
| 1:39 | Queue | Villager (Male) |
| 1:59 | Queue | Villager (Male) |
| 2:36 | Research | Loom |
| 2:52 | Build | House |
Match timeline
| 1:26 | 阿立 · resign |
[ AI ANALYSIS · 1 CREDIT ]
What really happened in this match?
Wolo.gg analyzes every decision: build order, eco, micro, common mistakes by bracket. Personalized analysis on WhatsApp or Discord in 30 seconds.
Civ guide
Cumans
Perfil
Jugador #1531173